 Dungeon Crawl Stone Soup version 0.28.0-45-g0d030f2227 (webtiles) character file.

Game seed: 5785164926198290207

0 Descartes the Grasshopper (level 1, 0/16 HPs)
             Began as a Formicid Warper on Apr 11, 2022.
             Slain by a bat (1 damage)
             ... on level 1 of the Dungeon.
             The game lasted 00:00:13 (21 turns).

Descartes the Grasshopper (Formicid Warper)           Turns: 21, Time: 00:00:14

Health: 0/16       AC:  3    Str: 15    XL:     1   Next: 0%
Magic:  3/3        EV:  8    Int: 12    God:
Gold:   0          SH:  0    Dex: 10    Spells: 4/4 levels left

rFire   . . .      SeeInvis +   a - +0 hand axe
rCold   . . .      Faith    .   (no shield)
rNeg    . . .      Spirit   .   b - +0 leather armour
rPois   .          Reflect  .   (helmet unavailable)
rElec   .          Harm     .   (no cloak)
rCorr   .          Rampage  .   (no gloves)
Will    .....                   (no boots)
Stlth   +.........              (no amulet)
HPRegen 0.05/turn               (no ring)
MPRegen 0.08/turn               (no ring)

@: constricted
A: permanent stasis, dig shafts and tunnels, antennae 3, four strong arms
a: Dig, Shaft Self


You were on level 1 of the Dungeon.
You visited 1 branch of the dungeon, and saw 1 of its levels.

Inventory:

Hand Weapons
 a - a +0 hand axe (weapon)
Missiles
 c - 5 boomerangs of dispersal (quivered)
Armour
 b - a +0 leather armour (worn)
Scrolls
 d - a scroll of identify {unknown}
 e - a scroll of summoning {unknown}


   Skills:
 - Level 2.1 Fighting
 + Level 2.0 Axes
 - Level 1.0 Throwing
 + Level 1.1 Armour
 - Level 1.7 Dodging
 - Level 2.1 Spellcasting
 + Level 2.6 Translocations


You had 4 spell levels left.
You didn't know any spells.
Your spell library contained the following spells:

 Spells                   Type           Power      Damage    Failure   Level
 Gell's Gravitas          Tloc           7%         N/A       32%         3
 Lesser Beckoning         Tloc           7%         N/A       32%         3
 Teleport Other           Tloc           7%         N/A       32%         3
 Manifold Assault         Tloc           7%         N/A       97%         5
 Blink                    Tloc           Unusable   N/A       N/A         2

Dungeon Overview and Level Annotations

Branches:
Dungeon (1/15)

Altars:


Innate Abilities, Weirdness & Mutations

You cannot be hasted, slowed, berserked, paralysed or teleported.
You can dig through walls and to a lower floor.
You have a pair of large antennae on your head. (SInv)
Your four strong arms can wield two-handed weapons with a shield.


Message History

The dart slug launches a dart at you. The slug dart hits you.
The ball python bites you. The ball python grabs you.
The ball python constricts you.
You barely miss the ball python. You miss the bat.
The bat hits you but does no damage. x2
The ball python bites you but does no damage.
The ball python constricts you. The bat hits you but does no damage.
You closely miss the ball python. You hit the bat but do no damage.
The bat hits you but does no damage. The ball python barely misses you.
The ball python constricts you. The ball python barely misses you.
The ball python constricts you.
You are too injured to fight recklessly!
You are too injured to fight recklessly!
You are too injured to fight recklessly!
Unknown command.
You hit the ball python.
The ball python is heavily wounded.
You hit the dart slug. The ball python bites you.
The ball python constricts you. The dart slug bites you.
* * * LOW HITPOINT WARNING * * *
You barely miss the ball python.
The ball python is heavily wounded.
You hit the dart slug. The ball python barely misses you.
The ball python constricts you.
The ball python bites you but does no damage.
The ball python constricts you.
* * * LOW HITPOINT WARNING * * *
You hit the dart slug.
The dart slug is severely wounded.
You hit the ball python. The dart slug launches a dart at you.
The slug dart hits you.
* * * LOW HITPOINT WARNING * * *
The ball python barely misses you. The ball python constricts you.
* * * LOW HITPOINT WARNING * * *
You hit the dart slug.
You kill the dart slug!
You closely miss the ball python. The bat hits you.
You die...

####+## { #.....#
... #.....# #....
#.....# #....##
#.....#
+....#.##bS...##
..#...#@#....+
####..#......###
.....#.#.........
#...#........
####.#######..#
##.......## .#
##.........## #
##...........##
#.............#


You could see a bat and a ball python.

Vanquished Creatures
  A dart slug (D:1)
1 creature vanquished.

Notes
Turn   | Place    | Note
-------+----------+-------------------------------------------
     0 | D:1      | Descartes the Formicid Warper began the quest for the Orb.
     0 | D:1      | Reached XP level 1. HP: 16/16 MP: 3/3
    21 | D:1      | Slain by a bat

Illustrated notes

Levels and vault maps discovered:
D:1:      psy_arrival_dodecagon, layout_basic,
          shapermc_ecumenical_altar_rom_forum, chequers_decorated_corner

Action                   || total
-------------------------++-------
Melee: Hand axe          ||     6
Armor: Leather armour    ||     6
Dodge: Dodged            ||     4
